 Dungeon Crawl Stone Soup version 0.23-a0-837-ga3e6480 (webtiles) character file.

126 poirepourri the Covert (level 4, 0/21 HPs)
             Began as a Spriggan Enchanter on Jan 24, 2019.
             Succumbed to an adder's poison
             ... on level 3 of the Dungeon.
             The game lasted 00:03:27 (4080 turns).

poirepourri the Covert (Spriggan Enchanter)         Turns: 4080, Time: 00:03:27

Health: 0/21       AC:  2    Str:  4    XL:     4   Next: 83%
Magic:  5/9        EV: 24    Int: 21    God:
Gold:   79         SH:  0    Dex: 22    Spells: 2/8 levels left

rFire    . . .     SeeInvis +   e - +2 dagger (venom)
rCold    . . .     Gourm    .   (shield restricted)
rNeg     . . .     Faith    .   b - +0 robe
rPois    .         Spirit   .   (helmet restricted)
rElec    .         Reflect  .   (no cloak)
rCorr    .         Harm     .   (gloves unavailable)
MR       .....                  (boots unavailable)
Stlth    ++++++....             (no amulet)
HPRegen  0.07/turn              j - ring of stealth
MPRegen  0.11/turn              (no ring)

@: brilliant, agile, lethally poisoned (0 -> -5), very quick
A: very small, unfitting armour, see invisible, herbivore, speed 3, slow
metabolism 2
a: no special abilities


You were on level 3 of the Dungeon.
You were not hungry.

You visited 1 branch of the dungeon, and saw 3 of its levels.

You collected 79 gold pieces.

Inventory:

Hand Weapons
 e - a +2 dagger of venom (weapon)
Armour
 b - a +0 robe (worn)
Jewellery
 j - a ring of stealth (left hand)
Scrolls
 h - a scroll of amnesia
Potions
 f - a potion of flight
Comestibles
 d - 2 rations


   Skills:
 - Level 1.1 Short Blades
 - Level 3.0 Dodging
 + Level 8.7 Stealth
 - Level 2.6 Spellcasting
 - Level 3.6 Hexes


You had 2 spell levels left.
You knew the following spells:

 Your Spells              Type           Power        Failure   Level  Hunger
a - Corona                Hex            ####...      1%          1    None
b - Ensorcelled Hibernat  Hex/Ice        ###...       1%          2    ##.....
c - Confuse               Hex            ####....     1%          3    ###....

Your spell library contained the following spells:

 Spells                   Type           Power        Failure   Level  Hunger
 Tukima's Dance           Hex            ####....     1%          3    ###....
 Dazzling Spray           Conj/Hex       ###...       2%          3    ###....


Dungeon Overview and Level Annotations

Branches:
Dungeon (3/15)

Altars:


Innate Abilities, Weirdness & Mutations

You are very small and have problems with some larger weapons.
You are too small for most types of armour.
You have supernaturally acute eyesight. (SInv)
You are a herbivore.
You cover ground extremely quickly.
You need to consume almost no food.


Message History

Okay, then.
Casting: Ensorcelled Hibernation (safe; 14% risk of failure)
Confirm with . or Enter, or press ? or * to list all spells.
Aiming: Ensorcelled Hibernation (safe; 14% risk of failure)
Press: ? - help, Shift-Dir - straight line, f - bat
Aim: a bat (chance to defeat MR: 56%)
The bat resists with significant effort.
* * * LOW HITPOINT WARNING * * *
You feel sick. The bat hits you but does no damage. x2
The bat hits you but does no damage.
Casting: Ensorcelled Hibernation (safe; 14% risk of failure)
Confirm with . or Enter, or press ? or * to list all spells.
Aiming: Ensorcelled Hibernation (safe; 14% risk of failure)
Press: ? - help, Shift-Dir - straight line, f/p - bat
Aim: a bat (chance to defeat MR: 56%)
The bat looks drowsy...
* * * LOW HITPOINT WARNING * * *
You feel sick.
You feel clever all of a sudden.
You die...

*,* #.# ####..# *,* #[# #..# *,*
#.########..# *,* #..)........##
*,* #######.......
**************,* #.##..##
,,,,,,,,,,,,,,,* #.##..#
,,,,*********#############.##..#
***,* #..@....bS........# *,*
#.##########..##.## ***,*******
#,* #..#*.# ,,,,,,,,,,* *,*
#..##.### ,,,,,****,* *,*
******#........ ****,* *,* *,*
#..........w### * *,* *,* *,*
#.#####..#### * *,****,** *,*
*,* #..# * *,,,,,,,*
*,****,****#..#


You could see an adder and a bat (sleeping).

Vanquished Creatures
  4 adders
  2 oozes
  A worm (D:3)
  2 dart slugs
  4 leopard geckos
  5 bats
  2 giant cockroaches
  8 goblins
  12 hobgoblins
  7 jackals (D:1)
  10 kobolds
  A ball python (D:2)
  2 frilled lizards
  5 rats
65 creatures vanquished.

Notes
Turn   | Place    | Note
-------+----------+-------------------------------------------
     0 | D:1      | poirepourri the Spriggan Enchanter began the quest for the
                  | Orb.
     0 | D:1      | Reached XP level 1. HP: 9/9 MP: 5/5
   422 | D:1      | Reached skill level 5 in Stealth
   860 | D:1      | Reached XP level 2. HP: 3/13 MP: 6/6
   864 | D:1      | Learned a level 2 spell: Ensorcelled Hibernation
  1150 | D:1      | Reached skill level 6 in Stealth
  2073 | D:1      | Reached XP level 3. HP: 16/16 MP: 8/8
  2747 | D:2      | Reached skill level 7 in Stealth
  2902 | D:2      | Found a faded altar of an unknown god.
  3158 | D:2      | Reached XP level 4. HP: 16/21 MP: 0/9
  3360 | D:2      | Reached skill level 8 in Stealth
  3434 | D:2      | Learned a level 3 spell: Confuse
  4076 | D:3      | HP: 1/21 [poisoned by an adder]
  4080 | D:3      | Succumbed to an adder's poison

Vault maps used:
D:1:      ncdulo_watergridlock
D:2:      chequers_ecumenical_altar_island, grunt_ministairs_4
D:3:      nicolae_underground_beach

Skill      XL: |  1  2  3  4 |
---------------+-------------+-----
Stealth        | 5 6 7 8 |  8.7
Short Blades   | |  1.1
Dodging        | |  3.0
Spellcasting   | |  2.6
Hexes          | |  3.6

Action                   |  1- 3 |  4- 6 || total
-------------------------+-------+-------++-------
Melee: Dagger            |   124 |    50 ||   174
 Cast: Ensorcelled Hiber |    14 |     3 ||    17
       Confuse           |       |     1 ||     1
  Use: Scroll            |     3 |     4 ||     7
       Potion            |       |     2 ||     2
 Stab: Sleeping          |    24 |     9 ||    33
       Distracted        |     1 |     1 ||     2
       Confused          |       |     1 ||     1
  Eat: Ration            |     1 |       ||     1
Armor: Robe              |     9 |     7 ||    16
Dodge: Dodged            |    99 |    40 ||   139

Table legend:
 A = Non-vault XP
 B = Vault XP
 C = Vault XP percentage of total XP
 D = Non-vault monster count
 E = Vault monster count
 F = Vault count percentage of total count
                 A         B        C        D         E       F
            +---------+---------+-------+---------+---------+-------
      Total |     171 |       9 |   5.0 |      63 |       2 |   3.1
            +---------+---------+-------+---------+---------+-------
        D:1 |      58 |       0 |   0.0 |      31 |       0 |   0.0
        D:2 |      75 |       9 |  10.7 |      22 |       2 |   8.3
        D:3 |      38 |       0 |   0.0 |      10 |       0 |   0.0
            +---------+---------+-------+---------+---------+-------
